 Dungeon Crawl Stone Soup version 0.28.0-62-gf88900778d (webtiles) character file.

Game seed: 15440884922081948561

163 cbfl8 the Covered (level 5, -9/46 HPs)
             Began as a Minotaur Fighter on July 8, 2023.
             Mangled by an ogre
             ... wielding a +0 giant club
              (21 damage)
             ... on level 4 of the Dungeon.
             The game lasted 00:01:56 (2346 turns).

cbfl8 the Covered (Minotaur Fighter)                Turns: 2346, Time: 00:01:56

Health: -9/46      AC: 12    Str: 21    XL:     5   Next: 20%
Magic:  4/4        EV:  6    Int:  5    God:
Gold:   82         SH:  4    Dex: 11    Spells: 4/4 levels left

rFire   . . .      SeeInvis .   a - +0 war axe
rCold   . . .      Faith    .   c - +0 buckler
rNeg    . . .      Spirit   .   e - +0 plate armour
rPois   .          Reflect  .   (helmet restricted)
rElec   .          Harm     .   (no cloak)
rCorr   .          Rampage  .   (no gloves)
Will    .....                   (no boots)
Stlth   ..........              (no amulet)
HPRegen 0.15/turn               (no ring)
MPRegen 0.09/turn               (no ring)

@: mighty
A: horns 2, retaliatory headbutt
a: no special abilities


You were on level 4 of the Dungeon.
You visited 1 branch of the dungeon, and saw 4 of its levels.

You collected 82 gold pieces.

Inventory:

Hand Weapons
 a - a +0 war axe (weapon)
Armour
 c - a +0 buckler (worn)
 e - a +0 plate armour (worn)
Scrolls
 b - a scroll of identify
 f - 3 scrolls of teleportation
 i - a scroll of summoning
 k - a scroll of noise {unknown}
 l - a scroll of magic mapping {unknown}
Potions
 g - a potion of curing {unknown}
 h - a potion of lignification {unknown}
 j - a potion of heal wounds {unknown}


   Skills:
 + Level 4.2 Fighting
 + Level 4.2 Axes
 + Level 4.5 Armour
 + Level 1.0 Dodging
 + Level 4.2 Shields
 * Level 1.4 Evocations


You had 4 spell levels left.
You didn't know any spells.
Your spell library contained the following spells:

 Spells                   Type           Power      Damage    Failure   Level
 Summon Small Mammal      Summ           0%         N/A       100%        1
 Call Canine Familiar     Summ           0%         N/A       100%        3
 Portal Projectile        Hex/Tloc       0%         N/A       100%        3
 Summon Guardian Golem    Hex/Summ       0%         N/A       100%        3
 Blade Hands              Tmut           0%         N/A       100%        5
 Excruciating Wounds      Necr           0%         N/A       100%        5


Dungeon Overview and Level Annotations

Branches:
Dungeon (4/15)
 Temple: D:4-7

Altars:
Trog


Innate Abilities, Weirdness & Mutations

You have a pair of horns on your head.
You reflexively headbutt those who attack you in melee.


Message History

The adder closely misses you. You furiously retaliate!
You headbutt the adder. You closely miss the adder.
Your headbutt misses the adder.
The adder is lightly wounded.
You block the adder's attack. The adder closely misses you.
You furiously retaliate!
You headbutt the adder!
You kill the adder!
No target in view!
No target in view!
b - a scroll of identify You open the door.
There is an open door here.
As you open the door, it creaks loudly!
No target in view!
There is an open door here.
You open the door.
There is an open door here.
You pick up a book of Weapons and begin reading...
You add the spells Portal Projectile, Excruciating Wounds and Blade Hands to your library.
No target in view!
You open the door.
There is an open door here.
Found a stone staircase leading up.
No target in view!
You open the door.
There is an open door here.
You open the door.
There is an open door here.
An ogre comes into view. It is wielding a +0 giant club.
The ogre shouts!
An ogre is nearby!
An ogre is nearby!
The ogre hits you with a +0 giant club!!
An ogre is nearby!
You feel very mighty all of a sudden.
You slash the ogre!
The ogre is moderately wounded.
The ogre hits you with a +0 giant club!
* * * LOW HITPOINT WARNING * * *
The ogre hits you with a +0 giant club!!
You die...

.. ..######## .........#
.........# ..
.........######..
.................
#####+###...............
........######'#........
......O@.......#........
...............#........
######..##..<..#......##
#..##.....#......+
#..##.....#......#
#...#.....#......#
#..##.....#......#
#..##.....#......#
#..##.....#......+


You could see an ogre.

Vanquished Creatures
  An iguana (D:3)
  A gnoll (D:1)
  5 adders
  A white imp (D:3)
  A worm (D:2)
  3 dart slugs
  7 bats
  5 endoplasms
  6 giant cockroaches
  7 hobgoblins
  4 quokkas
  6 ball pythons
  8 goblins
  6 kobolds
  2 rats
63 creatures vanquished.

Notes
Turn   | Place    | Note
-------+----------+-------------------------------------------
     0 | D:1      | cbfl8 the Minotaur Fighter began the quest for the Orb.
     0 | D:1      | Reached XP level 1. HP: 19/19 MP: 0/0
   137 | D:1      | Reached XP level 2. HP: 26/27 MP: 1/1
   463 | D:1      | Reached XP level 3. HP: 29/33 MP: 2/2
  1133 | D:2      | Found a faded altar of an unknown god.
  1230 | D:2      | Reached XP level 4. HP: 36/40 MP: 3/3
  1259 | D:2      | Found a bloodstained altar of Trog.
  1363 | D:2      | Reached skill level 1 in Evocations
  1682 | D:3      | Reached XP level 5. HP: 16/46 MP: 4/4
  1937 | D:3      | Reached skill level 1 in Dodging
  2341 | D:4      | Noticed an ogre
  2346 | D:4      | Mangled by an ogre

Illustrated notes

Levels and vault maps discovered:
D:1:      dpeg_arrival_simpleton_a, layout_basic, minmay_misc_feat_plants,
          minmay_misc_feat_doors
D:2:      layout_rooms, basic_altar, hellmonk_ecumenical_altar_crossroads
D:3:      layout_loops_ring, kennysheep_generic_room_16
D:4:      layout_gridville, eat_drink_and_be_merry_uskayaw

Skill      XL: |  1  2  3  4  5 |
---------------+----------------+-----
Fighting       | 4 |  4.2
Armour         | 4 |  4.5
Shields        | 4 |  4.2
Axes           | 3 4 |  4.2
Evocations     | 1 |  1.4
Dodging        | 1 |  1.0

Action                   |  1- 3 |  4- 6 || total
-------------------------+-------+-------++-------
Melee: War axe           |    74 |    58 ||   132
       Headbutt          |    16 |    10 ||    26
  Use: Scroll            |     1 |     1 ||     2
       Potion            |       |     1 ||     1
Armor: Scale mail        |    38 |    30 ||    68
       Plate armour      |       |     2 ||     2
Dodge: Dodged            |    35 |    24 ||    59
Block: Buckler           |     8 |    17 ||    25
